[Event "Romanian GP Final KO 2023"]
[Site "Alba Iulia"]
[Date "2023.12.05"]
[Round "1.2"]
[White "Nanu, Costica-Ciprian"]
[Black "Petkov, Momchil"]
[Result "1/2-1/2"]
[ECO "A13"]
[WhiteElo "2524"]
[BlackElo "2499"]
[Annotator "RC"]
[PlyCount "139"]
[EventDate "2023.12.04"]
[EventType "k.o."]
[EventCountry "ROU"]
[SourceTitle "playchess.com"]
[Source "ChessBase"]
[SourceQuality "1"]
[TimeControl "900+5"]

1. c4 e6 2. Nf3 Nf6 3. b3 d5 4. Bb2 Bd6 5. e3 O-O 6. Nc3 Nc6 7. Be2 dxc4 8. bxc4 e5 9. d3 Bf5 10. O-O Re8 11. Nd5 Nd7 12. h3 e4 13. dxe4 Bxe4 14. Nd2 Bf5 15. Nb3 Qg5 16. Bg4 Bxg4 17. hxg4 Nb6 18. f4 Qh4 19. c5 Nxd5 20. Qxd5 Bf8 21. Qf3 Qe7 22. Rfe1 Qe4 23. Rad1 a5 24. Ba3 Qa4 25. Bc1 Qxa2 26. Nd4 Nxd4 27. exd4 c6 28. f5 Qc4 29. Bb2 a4 30. g5 Qc2 31. Ba3 Rad8 32. Rxe8 Rxe8 33. d5 Bxc5+ 34. Bxc5 Qxc5+ 35. Kh2 cxd5 36. Rxd5 Qc7+ 37. g3 Qe7 38. f6 Qe2+ 39. Qxe2 Rxe2+ 40. Kh3 gxf6 41. gxf6 h6 42. Rd8+ Kh7 43. Rd7 Kg6 44. Rxb7 Kxf6 45. Rb6+ Kg5 46. Ra6 Re4 47. Ra5+ f5 48. Ra8 Rb4 49. Rg8+ Kf6 50. Rh8 Kg6 51. Rg8+ Kf6 52. Rh8 Ke5 53. Rxh6 Kd4 54. Rf6 Kc3 55. Rxf5 a3 56. Rf3+ Kb2 57. Rf2+ Kb3 58. Rf3+ Ka4 59. Rf2 Rc4 60. g4 Kb3 61. Kh4 a2 62. Rf1 Kb2 63. Kh5 Rc1 64. Rf2+ Rc2 65. Rf1 a1=Q 66. Rxa1 Kxa1 67. g5 Kb2 68. Kg6 Rg2 69. Kf6 Rxg5 70. Kxg5 1/2-1/2

[Event "Romanian GP Final KO 2023"]
[Site "Alba Iulia"]
[Date "2023.12.05"]
[Round "1.2"]
[White "Ghimpu, Samuel-Timotei"]
[Black "Ciolacu, Alessia-Mihaela"]
[Result "1-0"]
[ECO "B90"]
[WhiteElo "2472"]
[BlackElo "2175"]
[Annotator "RC"]
[PlyCount "131"]
[EventDate "2023.12.04"]
[EventType "k.o."]
[EventCountry "ROU"]
[SourceTitle "playchess.com"]
[Source "ChessBase"]
[SourceQuality "1"]
[TimeControl "900+5"]

1. e4 c5 2. Nf3 d6 3. d4 cxd4 4. Nxd4 Nf6 5. Nc3 a6 6. a4 e5 7. Nf3 Be6 8. Nd2 Qc7 9. Be2 Be7 10. O-O Nc6 11. Bc4 Nb4 12. Bxe6 fxe6 13. Nf3 O-O 14. Bg5 Rad8 15. Bxf6 Bxf6 16. Qe2 d5 17. Rfc1 Rc8 18. h3 Qc4 19. Qxc4 Rxc4 20. Ra3 Rfc8 21. Rb3 a5 22. Ne1 R8c7 23. Nb5 R7c6 24. exd5 exd5 25. c3 Na6 26. Na7 Nc5 27. Rb5 Ra6 28. Nc8 Nxa4 29. b3 Rxc3 30. Rxc3 Nxc3 31. Rxb7 Rc6 32. Ne7+ Bxe7 33. Rxe7 e4 34. f3 Kf8 35. Ra7 e3 36. Rxa5 d4 37. Re5 Rd6 38. b4 Rb6 39. Nc2 d3 40. Nxe3 Rxb4 41. Rc5 Nb1 42. Rd5 d2 43. Kf2 Rb2 44. Nd1 Rc2 45. Ke2 Ke7 46. Rd3 Ke6 47. f4 Kf5 48. g3 Ke4 49. Nf2+ Kf5 50. Nd1 Ke6 51. g4 Kf6 52. Rb3 Rc1 53. Rb6+ Ke7 54. Rb7+ Kf6 55. Rb6+ Ke7 56. Rb7+ Kd6 57. Rxg7 Rc4 58. Rb7 Rc1 59. Rxh7 Kd5 60. Rb7 Kc4 61. f5 Nc3+ 62. Nxc3 Kxc3 63. Rc7+ Kb2 64. Rd7 Rh1 65. Rxd2+ Kc3 66. Rd3+ 1-0

[Event "Romanian GP Final KO 2023"]
[Site "Alba Iulia"]
[Date "2023.12.05"]
[Round "1.2"]
[White "Toma, Radu-Cristian"]
[Black "Obada, Ema"]
[Result "1-0"]
[ECO "D32"]
[WhiteElo "2387"]
[BlackElo "2035"]
[Annotator "RC"]
[PlyCount "83"]
[EventDate "2023.12.04"]
[EventType "k.o."]
[EventCountry "ROU"]
[SourceTitle "playchess.com"]
[Source "ChessBase"]
[SourceQuality "1"]
[TimeControl "900+5"]

1. Nf3 Nf6 2. c4 e6 3. Nc3 d5 4. e3 c5 5. cxd5 exd5 6. d4 Nc6 7. h3 Be7 8. Bb5 O-O 9. O-O a6 10. Bxc6 bxc6 11. dxc5 Bxc5 12. Qc2 Bd6 13. Rd1 Qe7 14. b3 Bb7 15. Bb2 c5 16. Qf5 h6 17. Na4 Qe6 18. Qxe6 fxe6 19. Be5 Be7 20. Nb6 Rae8 21. Rac1 Ne4 22. Rc2 Rf7 23. Ne1 Bc6 24. f3 Nf6 25. Nd3 Bd8 26. Nc8 c4 27. Nd6 cxd3 28. Rxc6 Rfe7 29. Nxe8 Rxe8 30. Rc8 Bb6 31. Rxe8+ Nxe8 32. Rxd3 Kf7 33. Kf2 Nf6 34. Bxf6 gxf6 35. Rc3 d4 36. Rc6 dxe3+ 37. Ke2 Bd4 38. Rxa6 f5 39. Rc6 f4 40. a4 Ke7 41. Rc4 e5 42. Rc6 1-0

[Event "Romanian GP Final KO 2023"]
[Site "Alba Iulia"]
[Date "2023.12.05"]
[Round "1.2"]
[White "Secheres, Adrian-Simion"]
[Black "Serban, Cristian-Stefan"]
[Result "1-0"]
[ECO "D31"]
[WhiteElo "2381"]
[BlackElo "2332"]
[Annotator "RC"]
[PlyCount "45"]
[EventDate "2023.12.04"]
[EventType "k.o."]
[EventCountry "ROU"]
[SourceTitle "playchess.com"]
[Source "ChessBase"]
[SourceQuality "1"]
[TimeControl "900+5"]

1. d4 d5 2. c4 e6 3. Nc3 c6 4. Nf3 dxc4 5. e4 b5 6. Be2 Nf6 7. O-O Bb7 8. Rb1 Be7 9. b3 cxb3 10. Rxb3 a6 11. e5 Nd5 12. Ne4 O-O 13. Bd3 Nd7 14. Nfg5 g6 15. Qg4 h5 16. Qg3 Nc7 17. Nd6 Bxg5 18. Bxg5 Qb8 19. Bh6 Kh7 20. Bxf8 Nxf8 21. Nxf7 Qe8 22. Nd6 Qb8 23. Be4 1-0

[Event "Romanian GP Final KO 2023"]
[Site "Alba Iulia"]
[Date "2023.12.05"]
[Round "1.3"]
[White "Chigaev, Maksim"]
[Black "Kantor, Gergely"]
[Result "1-0"]
[ECO "C54"]
[WhiteElo "2626"]
[BlackElo "2527"]
[Annotator "TA"]
[PlyCount "66"]
[EventDate "2023.12.04"]
[EventType "k.o."]
[EventCountry "ROU"]
[SourceTitle "playchess.com"]
[Source "ChessBase"]
[SourceQuality "1"]
[TimeControl "900+5"]

1. e4 e5 2. Nf3 Nc6 3. Bc4 Nf6 4. d3 Bc5 5. c3 O-O 6. O-O d6 7. h3 a5 {[%emt 0:00:08] is now more promising than 7...h6. C54: Giuoco Piano: 4 c3 Nf6, main lines with 5 d4 and 5 d3.} 8. Bb5 $5 {[%emt 0:00:18][%mdl 4] A promising side line.} Ba7 9. Re1 Ne7 {[%emt 0:00:11] The position is equal.} 10. Nbd2 c6 11. Ba4 Ng6 12. Nf1 d5 13. exd5 Nxd5 {[%emt 0:00:07] [#]} 14. d4 $146 ({Predecessor:} 14. Ng3 Re8 15. Bb3 h6 16. d4 exd4 17. Rxe8+ Qxe8 18. Bxd5 cxd5 19. Nxd4 Bd7 20. Be3 {½-½ Puranik,A (2549)-Ganguly,S (2646) Wch Rapid Almaty 2022 (6)}) 14... exd4 15. Nxd4 Qf6 16. Ng3 Ngf4 17. Bc2 Bd7 18. Be3 Rae8 19. Be4 (19. Qd2 $11) 19... g6 (19... Nxe3 $17 20. Rxe3 g6) 20. Bxd5 Nxd5 21. Bh6 Rxe1+ 22. Qxe1 Re8 23. Qd2 Qe5 24. Kh1 (24. Rd1 {simplifies} b5 25. Nf1 Bxd4 26. Qxd4 Qxd4 27. Rxd4 Be6 28. Nd2) 24... Nf6 (24... Bxd4 $11 25. cxd4 Qe7) 25. Rd1 Bc8 (25... Qc5 $11) 26. Nf3 $16 Qd5 27. Qc1 (27. Qc2 $5 Qe6 28. c4 $14) 27... Qxa2 {[%emt 0:00:08][%mdl 8192] This move loses the game for Black.} (27... Qe6 $1 $14) 28. Qf4 $18 Qe6 (28... Bxf2 {gets mated.} 29. Qxf6) 29. Rd6 {[%emt 0:00:09] Black is weak on the dark squares} Qe7 {[%emt 0:00:08] [#] ...Nd5 is the strong threat.} 30. Rxf6 Bb8 (30... Bxf2 {was worth a try.} 31. Rd6 f5) 31. Qd4 c5 32. Qh4 Bc7 33. Bg5 {[%emt 0:00:09][%cal Of6g6] [#] Black must now prevent Rxg6+!} Be5 {Weighted Error Value: White=0.16 (very precise) /Black=0.45} (33... Bxg3 $142 34. fxg3 Qf8) 1-0

[Event "Romanian GP Final KO 2023"]
[Site "Alba Iulia"]
[Date "2023.12.05"]
[Round "1.3"]
[White "Lupulescu, Constantin"]
[Black "David, Alexandru-Vasile"]
[Result "0-1"]
[ECO "B33"]
[WhiteElo "2581"]
[BlackElo "2372"]
[Annotator "TA"]
[PlyCount "58"]
[EventDate "2023.12.04"]
[EventType "k.o."]
[EventCountry "ROU"]
[SourceTitle "playchess.com"]
[Source "ChessBase"]
[SourceQuality "1"]
[TimeControl "900+5"]

1. e4 c5 2. Nf3 Nc6 3. d4 cxd4 4. Nxd4 Nf6 5. Nc3 e5 6. Ndb5 d6 7. Bg5 a6 8. Na3 b5 9. Nab1 (9. Bxf6 $1 $14 gxf6 10. Nd5) 9... Rb8 {[%emt 0:00:11] B33: Sicilian: Pelikan and Sveshnikov Variations.} 10. a4 {[%emt 0:00:21] [#] aiming for Bxf6.} bxa4 {[%emt 0:00:07] [#]} (10... b4 $5 11. Nd5 Be7 $11) 11. Qc1 $146 ({White should play} 11. Rxa4 $14 Rxb2 12. Nd5) ({Predecessor:} 11. Nxa4 Be7 12. Bxf6 Bxf6 13. Nbc3 Nb4 14. Bc4 Qc7 15. b3 Be6 16. Nd5 Nxd5 17. exd5 {0-1 Varga,Z (2508)-Parligras,M (2511) ROM-chT div-A 2006 (3)}) 11... Be7 {[%emt 0:00:44] The position is equal.} 12. Rxa4 Qb6 13. Bxf6 Bxf6 14. b3 Nb4 15. Bc4 O-O 16. O-O a5 17. Nd5 Nxd5 18. Bxd5 Bd7 19. Ra1 Rfc8 20. Qd2 Be6 21. Bxe6 fxe6 22. Na3 Qd4 23. Qe2 d5 24. Rfd1 {[%emt 0:00:08] White is weak on the dark squares} (24. Ra2 $11 {was preferrable.}) 24... Qc5 $15 (24... Qxe4 25. Qxe4 dxe4 26. Nc4 $16) 25. c4 $2 {[%emt 0:00:28][%mdl 8192] Now White is beyond hope.} (25. Qg4 $11 Re8 26. Qh3) 25... Rxb3 $19 26. Qg4 {[%emt 0:00:26] [#]} Re8 (26... Rxa3 27. Rxa3 (27. cxd5 $2 Rxa1 28. Rxa1 Qc1+ 29. Qd1 Qxd1+ {[%mdl 64] Remove Defender} 30. Rxd1 exd5 $19) 27... Kh8 28. Qxe6 $18) (26... dxc4 27. Qxe6+ Kh8 28. Rd5 $17) 27. Nb5 Rb2 ({Don't take} 27... Qxc4 28. Nd6 Qc6 29. Nxe8 Qxe8 30. exd5 $18 (30. Rxa5 Rb4 $16)) 28. Qf3 dxc4 ({Don't go for} 28... dxe4 $2 29. Qe3 Qxe3 30. fxe3 $19) 29. Nd6 (29. Nc3 Rb3 30. Qh3) 29... Rd8 {[%emt 0:00:07] Weighted Error Value: White=0.57/Black=0.10 (very precise)} 0-1

[Event "Romanian GP Final KO 2023"]
[Site "Alba Iulia"]
[Date "2023.12.05"]
[Round "1.3"]
[White "Gavrilescu, David"]
[Black "Ardelean, George-Catalin"]
[Result "1-0"]
[ECO "B30"]
[WhiteElo "2534"]
[BlackElo "2433"]
[Annotator "TA"]
[PlyCount "39"]
[EventDate "2023.12.04"]
[EventType "k.o."]
[EventCountry "ROU"]
[SourceTitle "playchess.com"]
[Source "ChessBase"]
[SourceQuality "1"]
[TimeControl "900+5"]

1. e4 c5 2. Nf3 Nc6 3. Bb5 e5 4. O-O Bd6 5. d4 Nxd4 6. Bc4 {[%emt 0:00:06] [#] Strongly threatening Ng5. B30: Sicilian: 2...Nc6 3 Bb5, lines without ...g6.} Qf6 $146 {[%emt 0:00:23] [#]} (6... Bc7 $11 {remains equal.}) ({Predecessor:} 6... Bc7 7. Ng5 Nh6 8. Nc3 O-O 9. h3 Kh8 10. a4 f6 11. Nf3 Ng8 12. Nd5 Ne7 {1-0 Caruana,F (2764)-Nakamura,H (2775) Chessable Masters Div 1 Win rapid 2023 (3.3)}) 7. Ng5 $1 $16 {[%emt 0:00:30][%mdl 1024] White has strong compensation.} Nh6 8. Nc3 {[%emt 0:00:22] White is better.} O-O (8... b5 $142) 9. Nd5 Qg6 (9... Qd8 $16) 10. h4 $18 Ne6 11. h5 Qxg5 12. Bxg5 Nxg5 {[%emt 0:00:06] [#]} 13. Nf6+ $1 {[%emt 0:00:12][%mdl 576] Discovered Attack} gxf6 14. Qxd6 Nxe4 15. Qd5 Ng5 16. f4 Ne6 17. fxe5 fxe5 18. Qxe5 {[%emt 0:00:09] Threatening mate with Bxe6.} b5 19. Bxe6 {[%emt 0:00:08][%mdl 64] Remove Defender} dxe6 20. Qg5+ {[%emt 0:00:06] Black got outplayed after the opening.   Weighted Error Value: White=0.00 (flawless) /Black=1.58} 1-0

[Event "Romanian GP Final KO 2023"]
[Site "Alba Iulia"]
[Date "2023.12.05"]
[Round "1.3"]
[White "Toma, Radu-Cristian"]
[Black "Obada, Ema"]
[Result "0-1"]
[ECO "A08"]
[WhiteElo "2387"]
[BlackElo "2035"]
[Annotator "RC"]
[PlyCount "117"]
[EventDate "2023.12.04"]
[EventType "k.o."]
[EventCountry "ROU"]
[SourceTitle "playchess.com"]
[Source "ChessBase"]
[SourceQuality "1"]
[TimeControl "900+5"]

1. Nf3 Nf6 2. g3 e6 3. Bg2 d5 4. O-O c5 5. d3 Nc6 6. Nbd2 g6 7. e4 Bg7 8. c3 O-O 9. Qe2 b6 10. a4 a5 11. Re1 Ba6 12. Bf1 Qc7 13. Qd1 Rad8 14. Qb3 Rfe8 15. Nb1 e5 16. exd5 Nxd5 17. Na3 Nf6 18. Nb5 Qd7 19. Ng5 h6 20. Ne4 Nxe4 21. dxe4 Qe7 22. Be3 Bc8 23. Bc4 Qf6 24. Nc7 Rf8 25. Be2 Ne7 26. Rad1 Qc6 27. Nd5 Nxd5 28. Rxd5 Be6 29. Bc4 Bxd5 30. Bxd5 Qc7 31. Qd1 Kh7 32. Re2 f5 33. c4 f4 34. Bd2 f3 35. Re3 Qd7 36. Qf1 h5 37. Rd3 Qxa4 38. Bg5 Rd6 39. Be7 Rdf6 40. b3 Qe8 41. Bxf8 Qxf8 42. Qh3 Kh6 43. g4 Rf4 44. gxh5 gxh5 45. Kf1 Qf6 46. Bg8 Qg5 47. Rxf3 Rg4 48. Re3 Bf6 49. Ke2 Qxg8 50. Qf3 Qg5 51. Rd3 Rf4 52. Qh3 Qg4+ 53. Qxg4 hxg4 54. Rd6 Kg7 55. Rxb6 Bh4 56. Re6 Rxf2+ 57. Ke3 Rxh2 58. Rxe5 g3 59. Rd5 0-1

[Event "Romanian GP Final KO 2023"]
[Site "Alba Iulia"]
[Date "2023.12.05"]
[Round "2.1"]
[White "Parligras, Mircea-Emilian"]
[Black "Nanu, Costica-Ciprian"]
[Result "1/2-1/2"]
[ECO "E16"]
[WhiteElo "2539"]
[BlackElo "2524"]
[Annotator "TA"]
[PlyCount "117"]
[EventDate "2023.12.04"]
[EventType "k.o."]
[EventCountry "ROU"]
[SourceTitle "playchess.com"]
[Source "ChessBase"]
[SourceQuality "1"]
[TimeControl "900+5"]

1. d4 Nf6 2. c4 e6 3. Nf3 b6 4. g3 Bb4+ 5. Bd2 Be7 6. Nc3 Bb7 7. Bg2 O-O 8. O-O c6 {[%emt 0:00:19][%cal Bc7c6,Bc6d5][%mdl 32] 8...Na6 is not played anymore.} 9. e4 {[%emt 0:00:22] E16: Queen's Indian: 4 g3 Bb7 5 Bg2 Bb4+.} d5 $1 10. exd5 cxd5 11. Ne5 Nc6 12. Bf4 Na5 13. Qa4 dxc4 14. Bxb7 Nxb7 {[%emt 0:00:01] [#]} 15. Qxc4 $146 ({Predecessor:} 15. Rfe1 Na5 16. b4 cxb3 17. axb3 Nd5 18. Nxd5 Qxd5 19. b4 Nc4 20. Nc6 Bf6 21. b5 Rfe8 22. Qb3 {0-1 Kocur,M-Wagenaar,H NATO-ch 11th 2000 (7)}) 15... Na5 16. Qa4 Rc8 17. Rac1 Nd5 18. Bd2 f6 19. Nd3 Rc4 20. Qc2 Rxd4 {[%emt 0:00:14] [#] And now ...Nxc3 would win.} 21. Ne2 Rc4 22. Qb1 Qd7 (22... Rxc1 $17 23. Rxc1 Nb7) 23. Bxa5 $1 $11 Rxc1 24. Rxc1 bxa5 25. Qc2 {[%emt 0:00:40] Prevents Rc8} (25. Nc5 $11 Bxc5 26. Rxc5) 25... Rd8 26. Nc5 Qc8 27. Qc4 Bxc5 28. Qxc5 Qxc5 (28... Qa6 $15 29. Nd4 Rd7) 29. Rxc5 $15 {[%emt 0:00:01][%mdl 4096] Endgame KRN-KRN} a4 30. Ra5 Rb8 31. Nd4 Rxb2 32. Nxe6 Nc3 33. Rxa7 Re2 (33... h6 $11) 34. Rxg7+ $16 Kh8 35. Rc7 $1 {[%emt 0:00:09][%cal Rc7c8] [#]} Rxe6 36. Rxc3 {[%emt 0:00:02] KR-KR} Re2 37. Ra3 Re4 38. Re3 Rb4 39. Re8+ Kg7 40. Ra8 h5 41. h4 (41. Ra5 $16) 41... f5 $1 $11 {[%emt 0:00:22] The position is equal.} 42. Kg2 f4 $1 43. Ra5 fxg3 44. Kxg3 Rg4+ 45. Kh3 {[%emt 0:00:03] Threatens to win with Rg5+.} Rf4 46. Rxh5 Rxf2 47. Rg5+ Kh6 48. a3 Ra2 49. Rg3 Kh5 50. Rf3 Rb2 51. Rf5+ Kg6 52. Rf3 (52. Rf4 $5) 52... Kh5 53. Kg3 Rb3 54. Kf4 Kxh4 55. Ke4 {[%emt 0:00:01] Rxb3 is the strong threat.} Rxf3 56. Kxf3 Kg5 57. Ke4 Kf6 58. Kd4 Ke6 59. Ke4 {[%emt 0:00:46] Weighted Error Value: White=0.08 (flawless) /Black=0.10 (very precise)} 1/2-1/2

[Event "Romanian GP Final KO 2023"]
[Site "Alba Iulia"]
[Date "2023.12.05"]
[Round "2.1"]
[White "Gavrilescu, David"]
[Black "Chigaev, Maksim"]
[Result "1/2-1/2"]
[ECO "C50"]
[WhiteElo "2534"]
[BlackElo "2626"]
[Annotator "TA"]
[PlyCount "48"]
[EventDate "2023.12.04"]
[EventType "k.o."]
[EventCountry "ROU"]
[SourceTitle "playchess.com"]
[Source "ChessBase"]
[SourceQuality "1"]
[TimeControl "900+5"]

1. e4 e5 2. Nf3 Nc6 3. Bc4 Nf6 4. d3 Bc5 5. Nc3 d6 6. O-O h6 7. Na4 Bb6 {[%emt 0:00:02] C50: Hungarian Defence and Giuoco Pianissimo.} 8. a3 $1 {[%emt 0:01:13][%mdl 4] is more profitable than 8.Nxb6 at the moment.} O-O 9. b4 Ne7 10. h3 Ng6 11. c3 {[%emt 0:00:04] [#]} Bd7 $146 ({Predecessor:} 11... c6 12. Nxb6 axb6 13. Bb3 Re8 14. Re1 Be6 15. Bc2 d5 16. exd5 Nxd5 17. Bd2 Bf5 {½-½ Karjakin,S (2763)-Grischuk,A (2767) Candidates Tournament 2018 (3)}) 12. Ra2 (12. Bb3 $5) 12... Nh7 13. Nxb6 axb6 14. a4 Qf6 15. Nh2 Be6 16. Bxe6 Qxe6 17. c4 b5 18. Qc2 bxa4 19. Rxa4 Rxa4 20. Qxa4 f5 21. exf5 Qxf5 22. Qd1 Nf6 {[%emt 0:00:29] The position is equal.} 23. Ng4 Nxg4 24. hxg4 Qf7 {[%emt 0:00:32] A rather calm draw.   Weighted Error Value: White=0.10 (very precise) /Black=0.09 (flawless)} 1/2-1/2

[Event "Romanian GP Final KO 2023"]
[Site "Alba Iulia"]
[Date "2023.12.05"]
[Round "2.1"]
[White "Kantor, Gergely"]
[Black "Ardelean, George-Catalin"]
[Result "1-0"]
[ECO "D31"]
[WhiteElo "2527"]
[BlackElo "2433"]
[Annotator "TA"]
[PlyCount "113"]
[EventDate "2023.12.04"]
[EventType "k.o."]
[EventCountry "ROU"]
[SourceTitle "playchess.com"]
[Source "ChessBase"]
[SourceQuality "1"]
[TimeControl "900+5"]

1. d4 d5 2. c4 e6 3. Nc3 a6 4. cxd5 exd5 5. Nf3 c6 6. Qc2 {[%emt 0:00:06] D31: Queen's Gambit Declined: Semi-Slav without ...Nf6 (+ Marshall Gambit and Noteboom) and Exchange Variation lines without ...Nf6.} Bd6 7. e4 dxe4 8. Nxe4 {[%emt 0:00:02] The position is equal.} Bb4+ 9. Nc3 Nf6 10. Bd3 (10. a3 $5 Bd6 11. Bc4 $14) 10... O-O 11. O-O h6 {[%emt 0:00:35] [#] Inhibits Bg5.} 12. a3 $146 ({Predecessor:} 12. h3 Be6 13. Re1 Re8 14. Bf4 Nbd7 15. a3 Bf8 16. Ne5 Nd5 17. Nxd5 Bxd5 18. Re3 {1-0 Kantor,G (2561)-Kevlishvili,R (2536) Hollywood Masters op 2022 (8)}) 12... Bd6 13. Re1 (13. Bc4 {looks sharper.} Bg4 14. Ne5 Nbd7 15. Re1) 13... Nbd7 14. h3 Nb6 15. Ne5 Nbd5 16. Qe2 (16. Na4 {seems wilder.} Nh5 17. Bc4 Nhf4 18. Qe4) 16... Be6 17. Ne4 Re8 (17... Nxe4 $11 18. Qxe4 Nf6) 18. Nxd6 $14 Qxd6 19. Qf3 Rad8 20. Qg3 Kf8 (20... g5 $11 {keeps the balance.}) 21. Bd2 $16 Bc8 22. Rac1 {[%emt 0:00:34] White has more active pieces.} Re7 23. Ba5 Kg8 (23... Rc7 $16 {is a better defense.} 24. Qf3 (24. Bxc7 Qxc7 25. Rcd1 Be6 $16) 24... Be6) 24. Bxd8 $18 Qxd8 25. Nc4 {[%emt 0:00:36] Strongly threatening Rxe7.} Be6 26. Re5 Nd7 27. Re2 N7f6 28. Qh4 Qc7 29. Ne5 Qb6 30. Rce1 Qc7 (30... Re8 $142 31. Nc4 Qd8) 31. f4 Qc8 32. Nc4 b5 33. Ne5 c5 34. dxc5 Qxc5+ 35. Qf2 Qd6 36. f5 Bc8 37. Ng4 Rxe2 38. Rxe2 (38. Bxe2 $18 Qc7 39. Bf3) 38... Bb7 (38... Nxg4 $16 39. Re8+ (39. hxg4 Nf6 $14) 39... Kh7 40. f6+ (40. hxg4 Nf6 $11) 40... g6 41. hxg4 Be6) 39. Ne5 Ne7 (39... Nb6 {was necessary.} 40. Qe3 Bd5) 40. b4 {[%emt 0:00:12] Threatens to win with Qc5.} Qd5 (40... Nc6 {was called for.}) 41. Qc5 Qd8 42. Bc2 Ned5 43. Rd2 Qe8 44. Qd6 Qc8 (44... Kh7 $142 45. Re2 Nf4) 45. Qc5 Qe8 46. Qd4 Qc8 47. Nd3 Qxf5 (47... Bc6 $142 48. Nc5 Qe8) 48. Nc5 Qc8 49. Nxb7 Qxb7 50. Be4 Qb6 $2 {[%emt 0:00:04] [#]} (50... Nxe4 $18 51. Qxe4 Qb6+ 52. Qd4 Kf8 53. Qxb6 Nxb6) 51. Bxd5 (51. Qxb6 $142 Nxe4 52. Rxd5 Nf6 53. Rd8+ Kh7 54. Qc5 g5 55. g4 Ng8 56. Qf8) 51... Nxd5 52. Qxb6 Nxb6 {[%emt 0:00:01] KR-KN} 53. Rd8+ Kh7 54. Rd6 {[%emt 0:00:01] White is clearly winning.} Nc4 55. Rxa6 {[%emt 0:00:01] [#] aiming for a4.} f5 56. a4 bxa4 57. Rxa4 {[%emt 0:00:01] Weighted Error Value: White=0.28 (precise) /Black=0.40} (57. b5 $142 a3 58. b6 Nxb6 59. Rxb6) 1-0

[Event "Romanian GP Final KO 2023"]
[Site "Alba Iulia"]
[Date "2023.12.05"]
[Round "2.1"]
[White "Petkov, Momchil"]
[Black "Deac, Bogdan-Daniel"]
[Result "1/2-1/2"]
[ECO "D02"]
[WhiteElo "2499"]
[BlackElo "2690"]
[Annotator "TA"]
[PlyCount "64"]
[EventDate "2023.12.04"]
[EventType "k.o."]
[EventCountry "ROU"]
[SourceTitle "playchess.com"]
[Source "ChessBase"]
[SourceQuality "1"]
[TimeControl "900+5"]

1. d4 Nf6 2. Bf4 d5 3. Nf3 c5 4. e3 Nc6 5. c3 Qb6 6. Qc2 Nh5 {[%emt 0:01:04] D02: 1 d4 d5 2 Nf3 sidelines, including 2...Nf6 3 g3 and 2...Nf6 3 Bf4.} 7. Be5 $1 {[%emt 0:00:28] 7.Be5 scores better than 7.Bg3.} e6 8. Nbd2 {[%emt 0:01:09] [#]} Bd7 $146 ({Predecessor:} 8... cxd4 9. exd4 Bd7 10. Bd3 Rc8 11. Qb3 f6 12. Bg3 g6 13. O-O Kf7 14. Rae1 Qxb3 15. axb3 {½-½ Le,T (2514)-Artemiev,V (2709) Titled Tuesday intern op 11th May blitz 2021 (6)}) 9. h3 Rc8 10. Qb3 Nxe5 11. Nxe5 Bc6 12. Be2 {[%emt 0:01:27] [#] Hoping for Qxb6.} Nf6 13. O-O Bd6 14. Nxc6 bxc6 15. Qc2 cxd4 16. cxd4 O-O 17. Nb3 Nd7 18. Bd3 h6 19. Qe2 a5 20. Rab1 Rb8 21. Rfc1 Rfc8 22. Rc2 a4 23. Nd2 c5 24. dxc5 Nxc5 25. Rbc1 Rc7 26. Nf3 {[%emt 0:00:11] [#]} ({White should try} 26. b3 $15) 26... Nxd3 ({Black should play} 26... e5 $1 $17 {[%cal Re5e4] ...e4 is the strong threat.} 27. Bf5 g6) 27. Qxd3 $11 Rbc8 {[%emt 0:00:03][%cal Ob6b2] The position is equal.} 28. g3 Be7 29. Rxc7 Rxc7 30. Rxc7 Qxc7 31. Qb5 a3 {[%emt 0:00:16] Threatens to win with ...Qc1+.} 32. bxa3 Bxa3 {[%emt 0:00:03] Weighted Error Value: White=0.12 (very precise) /Black=0.12 (very precise)} 1/2-1/2

[Event "Romanian GP Final KO 2023"]
[Site "Alba Iulia"]
[Date "2023.12.05"]
[Round "2.1"]
[White "Ghimpu, Samuel-Timotei"]
[Black "David, Alexandru-Vasile"]
[Result "1/2-1/2"]
[ECO "B50"]
[WhiteElo "2472"]
[BlackElo "2372"]
[Annotator "RC"]
[PlyCount "106"]
[EventDate "2023.12.04"]
[EventType "k.o."]
[EventCountry "ROU"]
[SourceTitle "playchess.com"]
[Source "ChessBase"]
[SourceQuality "1"]
[TimeControl "900+5"]

1. e4 c5 2. Nf3 d6 3. c3 Nf6 4. h3 g6 5. Qc2 Bg7 6. d4 O-O 7. dxc5 dxc5 8. Bc4 Nc6 9. O-O Qc7 10. Re1 Nh5 11. Be3 b6 12. Nbd2 Bb7 13. a4 Rad8 14. Rad1 Ne5 15. Nxe5 Qxe5 16. Bf1 Qc7 17. a5 Bc6 18. axb6 axb6 19. Qb3 Nf6 20. Bg5 h6 21. Bh4 Nh5 22. Be2 Rxd2 23. Rxd2 Qf4 24. Rdd1 Qxh4 25. Bxh5 Qxh5 26. Qxb6 Bxe4 27. Qc7 Ba8 28. Qxe7 Qg5 29. Qxg5 hxg5 30. Re7 Bc6 31. Rc7 Ba4 32. Ra1 Bb3 33. Rxc5 Rb8 34. Rca5 Bf8 35. Rxg5 Be6 36. b4 Rc8 37. Rg3 Bg7 38. Rc1 Bh6 39. Rb1 Bf5 40. Rd1 Bg7 41. Rd5 Be4 42. Rc5 Rxc5 43. bxc5 Bf8 44. Rg4 Bf5 45. Rc4 Be6 46. Re4 Bxc5 47. Re5 Bd6 48. Ra5 Kg7 49. h4 Kf6 50. g3 Be5 51. Rc5 Bd6 52. Ra5 Be5 53. Rc5 Bd6 1/2-1/2

[Event "Romanian GP Final KO 2023"]
[Site "Alba Iulia"]
[Date "2023.12.05"]
[Round "2.1"]
[White "Serban, Cristian-Stefan"]
[Black "Toma, Radu-Cristian"]
[Result "1-0"]
[ECO "A35"]
[WhiteElo "2332"]
[BlackElo "2387"]
[Annotator "RC"]
[PlyCount "79"]
[EventDate "2023.12.04"]
[EventType "k.o."]
[EventCountry "ROU"]
[SourceTitle "playchess.com"]
[Source "ChessBase"]
[SourceQuality "1"]
[TimeControl "900+5"]

1. c4 c5 2. Nc3 g6 3. Nf3 Bg7 4. d4 cxd4 5. Nxd4 Nc6 6. Nxc6 dxc6 7. Qxd8+ Kxd8 8. Bf4 e5 9. O-O-O+ Kc7 10. Be3 Be6 11. b3 Nf6 12. h3 Rhd8 13. Rxd8 Rxd8 14. Bxa7 Bh6+ 15. Be3 Bxe3+ 16. fxe3 b5 17. cxb5 cxb5 18. Nxb5+ Kb6 19. Nc3 Nd5 20. Nxd5+ Bxd5 21. Rg1 Rc8+ 22. Kd1 Ra8 23. Ke1 Rxa2 24. g4 g5 25. Kf2 Ra1 26. Rg3 Bxb3 27. Rf3 Be6 28. Rf6 h5 29. gxh5 Ra4 30. Bg2 Kc7 31. e4 Kd6 32. Rh6 Ra8 33. Kg3 Ke7 34. Bf3 Ra1 35. Rh8 f5 36. exf5 Bxf5 37. e4 Be6 38. h6 g4 39. hxg4 Ra8 40. Rxa8 1-0